AoeStats
← joosephy

Nomad

507748072Analyzed
4v4 RM · 13d ago on Sep 19, 2026· 44m 25s· 8 players
Game mode
Random Map
Map size
231×231
Population
200
Speed
Normal
Resources
Standard
Victory
Conquest
Starting age
Dark Age
Ending age
Imperial Age
RankedLock teamsTeams togetherTeam positionsShared explorationLock speedFull tech treeHidden civsTurbo modeCheats
Victory
Defeat
🇲🇽 Saracens · Mexico
1632
+12
🇨🇳 Malians · China
1529
+17
🇹🇼 Bulgarians · Taiwan
1529
+17
🇫🇷 Gurjaras · France
1514
+17
🇧🇴 Portuguese · Bolivia
1606
-18
🇦🇷 Jurchens · Argentina
1591
-18
🇳🇿 Lithuanians · New Zealand
1527
-15
🇨🇴 Vietnamese · Colombia
1457
-12
Joaquin12
12:00 Feudal Age
11:32 Loom
15:13 Double-Bit Axe
18:46 Castle Age
18:00 Scale Barding Armor
18:22 Forging
21:41 Chain Barding Armor
26:15 Sanctity
25:57 Devotion
29:05 Fletching
38:19 Imperial Age
38:54 Iron Casting
38:16 Bodkin Arrow
43:25 Bracer
44:03 Plate Barding Armor
[GDL] turbojj
5:16 Loom
12:07 Feudal Age
13:38 Double-Bit Axe
15:25 Gold Mining
22:01 Fletching
24:46 Fishing Lines
28:18 Castle Age
27:24 Stone Mining
29:20 Medium Warships
29:18 Bodkin Arrow
29:25 Gillnets
33:16 Horse Collar
33:53 Padded Archer Armor
34:54 Heavy Plow
35:32 Wheelbarrow
36:56 Ballistics
40:37 Imperial Age
38:45 Scale Mail Armor
38:56 Forging
39:35 Stone Shaft Mining
38:49 Pikeman
39:45 Arson
40:01 Squires
40:18 Chain Mail Armor
40:38 Iron Casting
40:56 Pikeman
42:35 Paper Money
42:55 Elite Fire Lancer
44:39 Plate Mail Armor
Benjaiper
9:22 Loom
27:29 Feudal Age
32:11 Castle Age
31:08 Double-Bit Axe
34:11 Bow Saw
34:56 Horse Collar
36:05 Wheelbarrow
40:39 Gold Mining
42:42 Heavy Plow
43:46 Fletching
44:23 Forging
Manuel hormigaiper
14:09 Feudal Age
18:07 Castle Age
17:10 Forging
19:53 Medium Warships
19:51 Double-Bit Axe
21:48 Loom
23:42 Bow Saw
25:03 Town Watch
25:31 Loom
25:58 Town Watch
26:50 Horse Collar
32:54 Wheelbarrow
36:27 Imperial Age
37:06 Fletching
38:40 Elite Organ Gun
41:20 Scale Mail Armor
43:45 Chemistry
SimmaHem7912
4:55 Loom
13:22 Feudal Age
17:14 Castle Age
15:14 Double-Bit Axe
16:05 Fletching
18:17 Bodkin Arrow
19:37 Medium Warships
20:26 Town Watch
23:59 Fishing Lines
30:29 Horse Collar
34:16 Gold Mining
35:20 Wheelbarrow
35:33 Gillnets
38:55 Imperial Age
37:15 Stone Mining
38:15 Heavy Plow
39:56 Ballistics
41:15 Chemistry
44:18 Treadmill Crane
44:49 Masonry
45:05 Bow Saw
berber.sinan
4:34 Loom
13:34 Feudal Age
18:42 Castle Age
16:55 Double-Bit Axe
20:00 Bow Saw
20:29 Fishing Lines
21:04 Horse Collar
24:08 Bloodlines
23:59 Husbandry
25:10 Wheelbarrow
25:27 Husbandry
25:48 Forging
27:35 Iron Casting
28:47 Hand Cart
28:18 Town Watch
29:52 Scale Barding Armor
30:16 Stone Mining
30:19 Gold Mining
32:23 Chain Barding Armor
36:17 Imperial Age
35:47 Heavy Plow
36:31 Heavy Camel Rider
37:56 Conscription
41:11 Frontier Guards
42:05 Light Cavalry
42:11 Elite Shrivamsha Rider
44:27 Plate Barding Armor
44:19 Hussar
joosephy
5:17 Loom
15:43 Feudal Age
25:40 Castle Age
23:36 Gold Mining
23:56 Double-Bit Axe
24:28 Fishing Lines
26:10 Wheelbarrow
26:49 Bow Saw
29:21 Horse Collar
36:13 Imperial Age
34:18 Hand Cart
34:09 Scale Barding Armor
34:15 Forging
34:55 Gold Shaft Mining
35:10 Chain Barding Armor
35:45 Heavy Plow
35:48 Scale Mail Armor
36:24 Iron Casting
37:07 Fletching
37:46 Bloodlines
37:14 Capped Ram
38:02 Husbandry
38:53 Plate Barding Armor
39:20 Blast Furnace
39:26 Bodkin Arrow
40:26 Conscription
40:57 Light Cavalry
41:00 Elite Konnik
41:41 Bagains
41:36 Stirrups
43:49 Bracer
44:16 Ballistics
44:57 Chemistry
44:37 Masonry
SAVIOR
4:40 Loom
13:43 Feudal Age
18:52 Castle Age
17:52 Forging
19:43 Medium Warships
21:55 Fishing Lines
26:52 Double-Bit Axe
26:49 Horse Collar
28:11 Wheelbarrow
29:14 Scale Mail Armor
30:29 Town Watch
38:41 Imperial Age
36:37 Gillnets
36:45 Gillnets
37:51 Husbandry
38:02 Bloodlines
39:25 Scale Barding Armor
38:52 Cavalier
39:54 Conscription
40:19 Chain Barding Armor
41:14 Plate Barding Armor
43:59 Stone Mining
43:59 Gold Mining
Connection lost

Rejoining the realm…

Still unreachable

The connection could not be restored.

Session expired

The server has moved on; the page needs a fresh start.